Flyers vs Devils
(R2)
Created - December 9, 2018 at 19:39
Goals
|
Flyers |
1 |
3 |
1 |
5 |
Devils |
1 |
1 |
1 |
3 |
|
Shots
|
Flyers |
6 |
14 |
6 |
26 |
Devils |
11 |
12 |
7 |
30 |
|
1st period
1. Devils , Travis Hamonic 2 (Ben Lovejoy 8, Kellan Lain 6) at 6:37
2. Flyers , Jeff Carter 10 (Drew Miller 14) at 16:09
Penalties :
Dmitry Kulikov (NJD) for Roughing (Minor) at 1:08, Brian McGrattan (Phi) for Elbowing (Minor) at 14:00, J.T. Miller (Phi) for Hooking (Minor) at 19:16
2nd period
3. Flyers , Oliver Ekman-Larsson 4 (Kyle Wellwood 19) at 2:03 (PP)
4. Devils , Tyler Bozak 4 (Travis Hamonic 10, Kellan Lain 7) at 8:08
5. Flyers , Drew Miller 13 (Jakub Voracek 20, Jeff Carter 23) at 14:32
6. Flyers , Jakub Voracek 12 (Drew Miller 15, Jeff Carter 24) at 15:59 (PP)
Penalties :
Tyler Cuma (NJD) for High sticking (Minor) at 0:58, Ryan O'Byrne (NJD) for Hooking (Minor) at 3:34, Jaromir Jagr (Phi) for Hooking (Minor) at 9:02, Oliver Ekman-Larsson (Phi) for Hooking (Minor) at 9:44, Ryan O'Byrne (NJD) for Interference (Minor) at 15:09, Scott Gomez (NJD) for Slashing (Double Minor) at 15:55
3rd period
7. Flyers , Chris Mcallister 3 (Marcus Kruger 4, Jaromir Jagr 7) at 3:21
8. Devils , Ondrej Palat 3 (Scott Gomez 6) at 14:57
Penalties :
Jonathan Toews (NJD) for Interference (Minor) at 3:40, Ben Lovejoy (NJD) for Interference (Minor) at 6:20, Matt Smaby (Phi) for Interference (Minor) at 9:14
Goalie Stats
Cory Schneider (Phi), 27 saves from 30 shots - (0.900), W, 10-1-1, 60:00 minutes
Ryan Miller (NJD), 6 saves from 7 shots - (0.857), 24:01 minutes
Keith Kinkaid (NJD), 15 saves from 19 shots - (0.789), L, 3-3-1, 35:59 minutes
Players Stats for Flyers
Player Name G A P +/- PIM S H SB GA TA FO MP PP MP PK MP
------------------------------------------------------------------------------------
Brian Lashoff 0 0 0 2 0 0 0 1 0 1 0/0 11:22 0:00 1:54
Brian McGrattan 0 0 0 1 2 0 4 0 1 0 0/0 16:29 5:34 0:00
Chris Mcallister 1 0 1 0 0 4 1 0 0 0 0/0 11:09 1:30 0:00
Dany Heatley 0 0 0 0 0 4 2 0 1 0 0/1 18:22 5:45 1:48
Drew Miller 1 2 3 0 0 4 3 0 2 1 2/3 23:43 6:41 4:43
J.T. Miller 0 0 0 0 2 0 1 0 0 0 0/1 7:21 1:25 0:27
Jakub Voracek 1 1 2 -1 0 1 1 0 1 0 0/0 19:45 6:35 1:48
Jaromir Jagr 0 1 1 0 2 1 2 1 0 2 0/0 12:01 0:49 1:00
Jeff Carter 1 2 3 0 0 3 3 0 0 0 15/31 27:47 6:26 5:15
Jeff Woywitka 0 0 0 0 0 1 6 0 1 1 0/0 28:10 7:50 5:13
Jonathan Ericsson 0 0 0 -1 0 1 0 1 0 1 0/0 20:40 5:30 3:08
Kyle Wellwood 0 1 1 0 0 2 2 0 0 1 10/16 16:22 5:29 0:00
Marcus Kruger 0 1 1 0 0 3 0 0 0 1 2/7 11:10 0:13 0:24
Mats Zuccarello 0 0 0 0 0 0 1 0 0 0 0/0 5:24 0:00 0:00
Matt Smaby 0 0 0 -1 2 0 2 0 0 0 0/0 19:43 5:30 2:12
Nathan Beaulieu 0 0 0 -1 0 0 0 0 0 0 0/0 2:26 0:09 0:22
Oliver Ekman-Larsson 1 0 1 -1 2 2 3 1 0 1 0/0 28:46 7:50 3:52
Victor Bartley 0 0 0 2 0 0 2 0 0 0 0/0 9:20 0:09 0:00
Players Stats for Devils
Player Name G A P +/- PIM S H SB GA TA FO MP PP MP PK MP
------------------------------------------------------------------------------------
Anthony Stewart 0 0 0 2 0 1 0 0 0 0 2/3 8:49 0:00 2:52
Ben Lovejoy 0 1 1 1 2 1 0 1 1 2 0/0 23:03 3:46 5:34
Colton Parayko 0 0 0 -1 0 0 0 1 0 0 0/0 10:17 0:00 1:38
Dmitry Kulikov 0 0 0 -2 2 2 1 1 1 0 0/0 18:40 4:35 4:53
Jaden Schwartz 0 0 0 -2 0 1 1 0 0 0 0/1 13:37 3:59 0:00
Jonathan Toews 0 0 0 0 2 2 2 0 0 0 13/25 19:59 3:59 3:31
Kellan Lain 0 2 2 2 0 1 0 0 0 0 0/0 6:05 0:00 0:13
Matt Duchene 0 0 0 -2 0 3 3 0 0 0 7/9 15:47 4:22 1:52
Nikita Kucherov 0 0 0 -2 0 1 0 0 1 1 0/0 13:55 4:22 0:00
Ondrej Palat 1 0 1 0 0 2 0 0 1 0 1/1 12:07 0:00 2:14
Patrick Kane 0 0 0 0 0 1 1 0 0 0 0/2 20:15 3:59 4:03
Ryan O'Byrne 0 0 0 1 4 1 1 2 0 1 0/0 20:41 0:00 5:02
Scott Gomez 0 1 1 0 4 4 2 0 1 0 4/10 15:28 0:00 5:13
Steve Downie 0 0 0 0 0 3 2 1 0 1 0/0 17:22 0:00 6:55
Taylor Hall 0 0 0 0 0 3 1 1 1 0 0/3 16:27 4:22 0:00
Travis Hamonic 1 1 2 1 0 2 1 0 2 1 0/0 22:47 3:46 5:54
Tyler Bozak 1 0 1 2 0 1 1 0 0 0 3/5 5:52 0:00 0:00
Tyler Cuma 0 0 0 0 2 1 2 0 1 0 0/0 24:52 4:34 3:57
3 Stars
1 - Jeff Carter (Phi)
2 - Drew Miller (Phi)
3 - Travis Hamonic (NJD)
Power Play
Flyers - 2 on 8 Attempt(s) - 25.00%
Devils - 0 on 5 Attempt(s) - 0.00%
Penalty Kill
Flyers - 5 on 5 Attempt(s) - 100.00%
- Score 0 goal in Penalty Kill
Devils - 6 on 8 Attempt(s) - 75.00%
- Score 0 goal in Penalty Kill
Team Stat
Flyers - Hits : 33 - Faceoff Wins : 29 - Blocked Shots : 4 - Penalty Minutes : 10
Devils - Hits : 18 - Faceoff Wins : 30 - Blocked Shots : 7 - Penalty Minutes : 16
Official
Referees : Unknown
Linesman : Unknown
Game Notes
Ryan Miller enters game at 15:59 of 2nd period
Finance
Level 1 -- Attendance: 6000 (100.00%) -- Ticket Income $540,000
Level 2 -- Attendance: 4774 (95.48%) -- Ticket Income $272,118
Level 3 -- Attendance: 1808 (90.40%) -- Ticket Income $59,664
Level 4 -- Attendance: 4000 (100.00%) -- Ticket Income $100,000
Luxury Box -- Attendance: 989 (98.90%) -- Ticket Income $153,295
Game was played at the The prudential Center.
Total Attendance: 17571 (97.62%)
Total Ticket Income: $1,125,077
Other Income: $168,762
Total Income: $1,293,839
Flyers
5 vs 5 Forward
Center Left Wing Right Wing Time % Phy DF OF
1 Jeff Carter Drew Miller Jakub Voracek 40 1 2 2
2 Kyle Wellwood Dany Heatley Brian McGrattan 30 1 2 2
3 Marcus Kruger Chris Mcallister Jaromir Jagr 20 1 2 2
4 Jeff Carter J.T. Miller Mats Zuccarello 10 1 2 2
5 vs 5 Defense
Defense Defense Time % Phy DF OF
1 Oliver Ekman-Larsson Jeff Woywitka 40 1 2 2
2 Jonathan Ericsson Matt Smaby 30 1 2 2
3 Victor Bartley Brian Lashoff 20 1 2 2
4 Nathan Beaulieu Oliver Ekman-Larsson 10 1 2 2
PowerPlay Forward
Center Left Wing Right Wing Time % Phy DF OF
1 Jeff Carter Drew Miller Jakub Voracek 60 1 2 2
2 Kyle Wellwood Dany Heatley Brian McGrattan 40 1 2 2
PowerPlay Defense
Defense Defense Time % Phy DF OF
1 Oliver Ekman-Larsson Jeff Woywitka 60 1 2 2
2 Jonathan Ericsson Matt Smaby 40 1 2 2
Penalty Kill 4 Players Forward
Center Wing Time % Phy DF OF
1 Jeff Carter Drew Miller 60 1 2 2
2 Dany Heatley Jakub Voracek 40 1 2 2
Penalty Kill 4 Players Defense
Defense Defense Time % Phy DF OF
1 Oliver Ekman-Larsson Jeff Woywitka 60 1 2 2
2 Jonathan Ericsson Matt Smaby 40 1 2 2
Penalty Kill - 3 Players Forward
Forward Time % Phy DF OF
1 Jeff Carter 60 1 2 2
2 Drew Miller 40 1 2 2
Penalty Kill - 3 Players Defense
Defense Defense Time % Phy DF OF
1 Oliver Ekman-Larsson Jeff Woywitka 60 1 2 2
2 Jonathan Ericsson Matt Smaby 40 1 2 2
4 vs 4 Forward
Center Wing Time % Phy DF OF
1 Jeff Carter Drew Miller 60 1 2 2
2 Dany Heatley Jakub Voracek 40 1 2 2
4 vs 4 Defense
Defense Defense Time % Phy DF OF
1 Oliver Ekman-Larsson Jeff Woywitka 60 1 2 2
2 Jonathan Ericsson Matt Smaby 40 1 2 2
Last Minutes Offensive
Center Left Wing Right Wing Defense Defense
Jeff Carter Drew Miller Jakub Voracek Oliver Ekman-Larsson Jeff Woywitka
Last Minutes Defensive
Center Left Wing Right Wing Defense Defense
Jeff Carter Drew Miller Jakub Voracek Oliver Ekman-Larsson Jeff Woywitka
Goaltenders
Starting : Cory Schneider
Backup : Steve Mason
Extra Forwards
Normal : Chris Mcallister, J.T. Miller, Jaromir Jagr - PP : Chris Mcallister, J.T. Miller - PK : Jaromir Jagr
Extra Defensemen
Normal : Victor Bartley, Brian Lashoff, Nathan Beaulieu - PP : Victor Bartley - PK : Brian Lashoff, Nathan Beaulieu
Penalty Shots
Jeff Carter, Drew Miller, Dany Heatley, Jakub Voracek, Kyle Wellwood
Scratches
Matthew Lombardi (Torn Left Knee Ligaments Injury)
Devils
5 vs 5 Forward
Center Left Wing Right Wing Time % Phy DF OF
1 Jonathan Toews Taylor Hall Patrick Kane 40 0 2 3
2 Matt Duchene Jaden Schwartz Nikita Kucherov 30 0 2 3
3 Scott Gomez Ondrej Palat Steve Downie 20 0 2 3
4 Tyler Bozak Kellan Lain Anthony Stewart 10 0 3 2
5 vs 5 Defense
Defense Defense Time % Phy DF OF
1 Ryan O'Byrne Tyler Cuma 40 0 3 2
2 Ben Lovejoy Travis Hamonic 30 0 3 2
3 Dmitry Kulikov Colton Parayko 20 0 3 2
4 Travis Hamonic Dmitry Kulikov 10 0 3 2
PowerPlay Forward
Center Left Wing Right Wing Time % Phy DF OF
1 Matt Duchene Taylor Hall Nikita Kucherov 60 0 2 3
2 Jonathan Toews Jaden Schwartz Patrick Kane 40 0 2 3
PowerPlay Defense
Defense Defense Time % Phy DF OF
1 Tyler Cuma Dmitry Kulikov 60 1 2 2
2 Travis Hamonic Ben Lovejoy 40 1 2 2
Penalty Kill 4 Players Forward
Center Wing Time % Phy DF OF
1 Scott Gomez Steve Downie 60 1 2 2
2 Jonathan Toews Patrick Kane 40 1 2 2
Penalty Kill 4 Players Defense
Defense Defense Time % Phy DF OF
1 Ryan O'Byrne Ben Lovejoy 60 1 2 2
2 Travis Hamonic Dmitry Kulikov 40 1 2 2
Penalty Kill - 3 Players Forward
Forward Time % Phy DF OF
1 Scott Gomez 60 1 2 2
2 Taylor Hall 40 1 2 2
Penalty Kill - 3 Players Defense
Defense Defense Time % Phy DF OF
1 Travis Hamonic Dmitry Kulikov 60 1 2 2
2 Ben Lovejoy Ryan O'Byrne 40 1 2 2
4 vs 4 Forward
Center Wing Time % Phy DF OF
1 Jonathan Toews Steve Downie 60 1 2 2
2 Matt Duchene Taylor Hall 40 1 2 2
4 vs 4 Defense
Defense Defense Time % Phy DF OF
1 Travis Hamonic Ben Lovejoy 60 1 2 2
2 Colton Parayko Ryan O'Byrne 40 1 2 2
Last Minutes Offensive
Center Left Wing Right Wing Defense Defense
Matt Duchene Taylor Hall Patrick Kane Tyler Cuma Ben Lovejoy
Last Minutes Defensive
Center Left Wing Right Wing Defense Defense
Matt Duchene Taylor Hall Patrick Kane Travis Hamonic Ben Lovejoy
Goaltenders
Starting : Keith Kinkaid
Backup : Ryan Miller
Extra Forwards
Normal : Scott Gomez, Ondrej Palat, Anthony Stewart - PP : Scott Gomez, Ondrej Palat - PK : Anthony Stewart
Extra Defensemen
Normal : Dmitry Kulikov, Tyler Cuma, Colton Parayko - PP : Dmitry Kulikov - PK : Tyler Cuma, Colton Parayko
Penalty Shots
Patrick Kane, Taylor Hall, Matt Duchene, Nikita Kucherov, Jonathan Toews
Scratches
Brandon Bollig (Healthy)
% Time on Ice - Flyers
Lines # - Real PCT - Wanted PCT - Time Play
Normal Forward
1 - 32% - 40% - 12:07
2 - 29% - 30% - 10:49
3 - 25% - 20% - 9:33
4 - 14% - 10% - 5:24
Normal Defense
1 - 39% - 40% - 14:55
2 - 32% - 30% - 12:02
3 - 24% - 20% - 9:06
4 - 5% - 10% - 1:50
PP Forward
1 - 55% - 60% - 7:27
2 - 45% - 40% - 6:02
PP Defense
1 - 59% - 60% - 7:59
2 - 41% - 40% - 5:30
PK Forward
1 - 75% - 60% - 5:16
2 - 25% - 40% - 1:48
PK Defense
1 - 59% - 60% - 4:09
2 - 41% - 40% - 2:55
PK3 Forward
1 - 91% - 60% - 1:10
2 - 9% - 40% - 0:07
PK3 Defense
1 - 83% - 60% - 1:04
2 - 17% - 40% - 0:13
44 Forward
1 - 100% - 60% - 0:17
2 - 0% - 40% - 0:00
44 Defense
1 - 100% - 60% - 0:17
2 - 0% - 40% - 0:00
Last Minute Offensive - 0:00
Last Minute Defensive - 0:00
Total
Forward - 60:00
Defense - 60:00
|
% Time on Ice - Devils
Lines # - Real PCT - Wanted PCT - Time Play
Normal Forward
1 - 33% - 40% - 12:32
2 - 26% - 30% - 9:41
3 - 26% - 20% - 9:48
4 - 15% - 10% - 5:52
Normal Defense
1 - 46% - 40% - 17:27
2 - 34% - 30% - 12:46
3 - 16% - 20% - 6:12
4 - 4% - 10% - 1:28
PP Forward
1 - 52% - 60% - 4:22
2 - 48% - 40% - 3:59
PP Defense
1 - 55% - 60% - 4:35
2 - 45% - 40% - 3:46
PK Forward
1 - 70% - 60% - 9:22
2 - 30% - 40% - 4:03
PK Defense
1 - 58% - 60% - 7:45
2 - 42% - 40% - 5:40
PK3 Forward
1 - 100% - 60% - 0:04
2 - 0% - 40% - 0:00
PK3 Defense
1 - 100% - 60% - 0:04
2 - 0% - 40% - 0:00
44 Forward
1 - 100% - 60% - 0:17
2 - 0% - 40% - 0:00
44 Defense
1 - 100% - 60% - 0:17
2 - 0% - 40% - 0:00
Last Minute Offensive - 0:00
Last Minute Defensive - 0:00
Total
Forward - 60:00
Defense - 60:00
|
Play by Play
1st period
0:01 of 1st period - Jeff Carter wins face-off versus Jonathan Toews in neutral zone.
0:04 of 1st period - Wrist shot by Patrick Kane.
0:04 of 1st period - Shot Misses the Net.
0:26 of 1st period - Tyler Cuma is hit by Jeff Woywitka and loses puck.
0:49 of 1st period - Snap shot by Scott Gomez.
0:49 of 1st period - Stopped by Cory Schneider without a rebound.
0:50 of 1st period - Ondrej Palat wins face-off versus Marcus Kruger in Flyers zone.
1:05 of 1st period - Snap shot by Marcus Kruger.
1:05 of 1st period - Stopped by Keith Kinkaid without a rebound.
1:06 of 1st period - Tyler Bozak wins face-off versus J.T. Miller in Devils zone.
1:08 of 1st period - Minor Penalty to Dmitry Kulikov for Roughing.
1:09 of 1st period - Jeff Carter wins face-off versus Scott Gomez in Devils zone.
1:35 of 1st period - Ben Lovejoy is hit by Brian McGrattan and loses puck.
3:08 of 1st period - Penalty to Dmitry Kulikov is over, Dmitry Kulikov is back on ice.
3:18 of 1st period - Snap shot by Matt Duchene.
3:18 of 1st period - Shot Misses the Net.
3:20 of 1st period - Slapshot by Dmitry Kulikov.
3:20 of 1st period - Deflect By Jonathan Ericsson.
3:20 of 1st period - Stopped by Cory Schneider with a rebound.
3:45 of 1st period - Icing by Marcus Kruger.
3:46 of 1st period - Jonathan Toews wins face-off versus Marcus Kruger in Flyers zone.
3:51 of 1st period - Snap shot by Taylor Hall.
3:51 of 1st period - Shot Misses the Net.
3:53 of 1st period - Slapshot by Dmitry Kulikov.
3:53 of 1st period - Stopped by Cory Schneider without a rebound.
3:54 of 1st period - Kyle Wellwood wins face-off versus Jonathan Toews in Flyers zone.
4:50 of 1st period - Off-side.
4:51 of 1st period - Kyle Wellwood wins face-off versus Jonathan Toews in neutral zone.
5:08 of 1st period - Snap shot by Jonathan Toews.
5:08 of 1st period - Shot Misses the Net.
5:44 of 1st period - Snap shot by Jaromir Jagr.
5:44 of 1st period - Stopped by Keith Kinkaid with a rebound.
5:58 of 1st period - Ryan O'Byrne is hit by Matt Smaby and loses puck.
6:03 of 1st period - Slapshot by Mats Zuccarello.
6:03 of 1st period - Shot Blocked by Ryan O'Byrne.
6:17 of 1st period - Wrist shot by Scott Gomez.
6:17 of 1st period - Stopped by Cory Schneider with a rebound.
6:33 of 1st period - Slapshot by Kellan Lain.
6:33 of 1st period - Stopped by Cory Schneider with a rebound.
6:35 of 1st period - Slapshot by Ben Lovejoy.
6:35 of 1st period - Deflect By Drew Miller.
6:35 of 1st period - Stopped by Cory Schneider with a rebound.
6:37 of 1st period - Slapshot by Travis Hamonic.
6:37 of 1st period - Goal by Travis Hamonic - Flyers : 0 - Devils : 1.
6:38 of 1st period - Jonathan Toews wins face-off versus Jeff Carter in neutral zone.
7:03 of 1st period - Snap shot by Marcus Kruger.
7:03 of 1st period - Stopped by Keith Kinkaid without a rebound.
7:04 of 1st period - Marcus Kruger wins face-off versus Scott Gomez in Devils zone.
7:05 of 1st period - Wrist shot by Chris Mcallister.
7:05 of 1st period - Stopped by Keith Kinkaid with a rebound.
7:11 of 1st period - Steve Downie is hit by Jaromir Jagr.
7:29 of 1st period - Matt Smaby is hit by Jaden Schwartz and loses puck.
7:48 of 1st period - Brian McGrattan is hit by Jonathan Toews and loses puck.
8:15 of 1st period - Ben Lovejoy is hit by Mats Zuccarello and loses puck.
8:28 of 1st period - Ondrej Palat is hit by Jaromir Jagr and loses puck.
10:55 of 1st period - Dmitry Kulikov is hit by Oliver Ekman-Larsson and loses puck.
11:09 of 1st period - Off-side.
11:10 of 1st period - Scott Gomez wins face-off versus Kyle Wellwood in neutral zone.
11:35 of 1st period - Ben Lovejoy is hit by Victor Bartley and loses puck.
13:29 of 1st period - Wrist shot by Anthony Stewart.
13:29 of 1st period - Shot Misses the Net.
13:31 of 1st period - Snap shot by Tyler Bozak.
13:31 of 1st period - Shot Blocked by Brian Lashoff.
14:00 of 1st period - Minor Penalty to Brian McGrattan for Elbowing.
14:01 of 1st period - Jeff Carter wins face-off versus Matt Duchene in Flyers zone.
14:01 of 1st period - Jeff Carter is hit by Matt Duchene.
14:13 of 1st period - Snap shot by Matt Duchene.
14:13 of 1st period - Stopped by Cory Schneider with a rebound.
14:15 of 1st period - Slapshot by Travis Hamonic.
14:15 of 1st period - Shot Misses the Net.
14:17 of 1st period - Backhand shot by Taylor Hall.
14:17 of 1st period - Shot Misses the Net.
14:30 of 1st period - Icing by Jonathan Toews.
14:31 of 1st period - Jonathan Toews wins face-off versus Jeff Carter in Devils zone.
14:42 of 1st period - Wrist shot by Patrick Kane.
14:42 of 1st period - Shot Misses the Net.
15:14 of 1st period - Off-side.
15:15 of 1st period - Matt Duchene wins face-off versus Dany Heatley in neutral zone.
16:00 of 1st period - Penalty to Brian McGrattan is over, Brian McGrattan is back on ice.
16:09 of 1st period - Snap shot by Jeff Carter.
16:09 of 1st period - Goal by Jeff Carter - Flyers : 1 - Devils : 1.
16:10 of 1st period - Kyle Wellwood wins face-off versus Jonathan Toews in neutral zone.
16:19 of 1st period - Snap shot by Dany Heatley.
16:19 of 1st period - Shot Misses the Net.
16:21 of 1st period - Snap shot by Kyle Wellwood.
16:21 of 1st period - Stopped by Keith Kinkaid without a rebound.
16:22 of 1st period - Jonathan Toews wins face-off versus Jeff Carter in Devils zone.
16:35 of 1st period - Wrist shot by Taylor Hall.
16:35 of 1st period - Shot Misses the Net.
16:37 of 1st period - Wrist shot by Taylor Hall.
16:37 of 1st period - Shot Misses the Net.
16:39 of 1st period - Slapshot by Ryan O'Byrne.
16:39 of 1st period - Stopped by Cory Schneider with a rebound.
17:59 of 1st period - Wrist shot by Jonathan Toews.
17:59 of 1st period - Stopped by Cory Schneider with a rebound.
18:17 of 1st period - Wrist shot by Brian McGrattan.
18:17 of 1st period - Shot Blocked by Ryan O'Byrne.
18:19 of 1st period - Snap shot by Kyle Wellwood.
18:19 of 1st period - Deflect By Brian McGrattan.
18:19 of 1st period - Shot Misses the Net.
18:19 of 1st period - Puck is out of play.
18:20 of 1st period - Jonathan Toews wins face-off versus Drew Miller in Devils zone.
18:51 of 1st period - Tyler Cuma is hit by Jeff Woywitka and loses puck.
18:58 of 1st period - Tyler Cuma is hit by Jeff Woywitka.
19:14 of 1st period - Wrist shot by Steve Downie.
19:14 of 1st period - Stopped by Cory Schneider with a rebound.
19:16 of 1st period - Minor Penalty to J.T. Miller for Hooking.
19:17 of 1st period - Jeff Carter wins face-off versus Taylor Hall in Flyers zone.
Goals for this period are 1 for Flyers vs 1 for Devils.
Shots for this period are 6 for Flyers vs 11 for Devils.
2nd period
0:01 of 2nd period - Jeff Carter wins face-off versus Matt Duchene in neutral zone.
0:33 of 2nd period - Snap shot by Jaden Schwartz.
0:33 of 2nd period - Shot Blocked by Oliver Ekman-Larsson.
0:51 of 2nd period - Wrist shot by Dany Heatley.
0:51 of 2nd period - Shot Blocked by Taylor Hall.
0:53 of 2nd period - Snap shot by Dany Heatley.
0:53 of 2nd period - Shot Misses the Net.
0:55 of 2nd period - Snap shot by Dany Heatley.
0:55 of 2nd period - Stopped by Keith Kinkaid without a rebound.
0:56 of 2nd period - Jonathan Toews wins face-off versus Jeff Carter in Devils zone.
0:58 of 2nd period - Minor Penalty to Tyler Cuma for High sticking.
0:59 of 2nd period - Jeff Carter wins face-off versus Jonathan Toews in Devils zone.
1:01 of 2nd period - Wrist shot by Jeff Carter.
1:01 of 2nd period - Shot Misses the Net.
1:11 of 2nd period - Wrist shot by Jonathan Toews.
1:11 of 2nd period - Stopped by Cory Schneider with a rebound.
1:13 of 2nd period - Slapshot by Ben Lovejoy.
1:13 of 2nd period - Deflect By Steve Downie.
1:13 of 2nd period - Stopped by Cory Schneider without a rebound.
1:14 of 2nd period - Jeff Carter wins face-off versus Jonathan Toews in Flyers zone.
1:16 of 2nd period - Penalty to J.T. Miller is over, J.T. Miller is back on ice.
1:21 of 2nd period - Snap shot by Jeff Carter.
1:21 of 2nd period - Stopped by Keith Kinkaid with a rebound.
1:23 of 2nd period - Slapshot by Drew Miller.
1:23 of 2nd period - Stopped by Keith Kinkaid with a rebound.
1:25 of 2nd period - Slapshot by Jeff Woywitka.
1:25 of 2nd period - Deflect By Drew Miller.
1:25 of 2nd period - Stopped by Keith Kinkaid without a rebound.
1:26 of 2nd period - Jeff Carter wins face-off versus Scott Gomez in Devils zone.
1:37 of 2nd period - Slapshot by Oliver Ekman-Larsson.
1:37 of 2nd period - Stopped by Keith Kinkaid with a rebound.
2:03 of 2nd period - Slapshot by Oliver Ekman-Larsson.
2:03 of 2nd period - Goal by Oliver Ekman-Larsson - Flyers : 2 - Devils : 1.
2:04 of 2nd period - Jonathan Toews wins face-off versus Jeff Carter in neutral zone.
2:04 of 2nd period - Jonathan Toews is hit by Jeff Carter.
2:07 of 2nd period - Tyler Cuma is hit by Drew Miller and loses puck.
2:20 of 2nd period - Snap shot by Taylor Hall.
2:20 of 2nd period - Stopped by Cory Schneider without a rebound.
2:21 of 2nd period - Kyle Wellwood wins face-off versus Jaden Schwartz in Flyers zone.
2:28 of 2nd period - Ryan O'Byrne is hit by Brian McGrattan and loses puck.
2:33 of 2nd period - Slapshot by Dany Heatley.
2:33 of 2nd period - Deflect By Brian McGrattan.
2:33 of 2nd period - Shot Misses the Net.
2:33 of 2nd period - Puck is out of play.
2:34 of 2nd period - Jeff Carter wins face-off versus Jonathan Toews in Devils zone.
2:45 of 2nd period - Slapshot by Travis Hamonic.
2:45 of 2nd period - Shot Hit the Post.
3:34 of 2nd period - Minor Penalty to Ryan O'Byrne for Hooking.
3:35 of 2nd period - Kyle Wellwood wins face-off versus Scott Gomez in Devils zone.
3:47 of 2nd period - Slapshot by Kyle Wellwood.
3:47 of 2nd period - Shot Blocked by Ben Lovejoy.
5:02 of 2nd period - Slapshot by Anthony Stewart.
5:02 of 2nd period - Stopped by Cory Schneider with a rebound.
5:34 of 2nd period - Penalty to Ryan O'Byrne is over, Ryan O'Byrne is back on ice.
5:52 of 2nd period - Wrist shot by Jaden Schwartz.
5:52 of 2nd period - Stopped by Cory Schneider with a rebound.
6:02 of 2nd period - Slapshot by Jonathan Ericsson.
6:02 of 2nd period - Stopped by Keith Kinkaid with a rebound.
6:04 of 2nd period - Backhand shot by Jeff Carter.
6:04 of 2nd period - Shot Misses the Net.
6:20 of 2nd period - Wrist shot by Anthony Stewart.
6:20 of 2nd period - Shot Misses the Net.
6:42 of 2nd period - Kyle Wellwood is hit by Matt Duchene and loses puck.
7:02 of 2nd period - Icing by Victor Bartley.
7:03 of 2nd period - Kyle Wellwood wins face-off versus Scott Gomez in Flyers zone.
7:14 of 2nd period - Steve Downie is hit by Oliver Ekman-Larsson and loses puck.
7:29 of 2nd period - Patrick Kane is hit by Jeff Woywitka and loses puck.
8:04 of 2nd period - Kellan Lain is hit by Dany Heatley.
8:08 of 2nd period - Snap shot by Travis Hamonic.
8:08 of 2nd period - Deflect By Tyler Bozak.
8:08 of 2nd period - Goal by Tyler Bozak - Flyers : 2 - Devils : 2.
8:09 of 2nd period - Jeff Carter wins face-off versus Jonathan Toews in neutral zone.
8:09 of 2nd period - Drew Miller is hit by Jonathan Toews and loses puck.
8:21 of 2nd period - Jeff Woywitka is hit by Tyler Cuma and loses puck.
8:36 of 2nd period - Jaden Schwartz is hit by Brian McGrattan and loses puck.
9:02 of 2nd period - Minor Penalty to Jaromir Jagr for Hooking.
9:03 of 2nd period - Matt Duchene wins face-off versus Jeff Carter in Flyers zone.
9:12 of 2nd period - Snap shot by Taylor Hall.
9:12 of 2nd period - Shot Misses the Net.
9:14 of 2nd period - Wrist shot by Taylor Hall.
9:14 of 2nd period - Shot Misses the Net.
9:16 of 2nd period - Wrist shot by Matt Duchene.
9:16 of 2nd period - Stopped by Cory Schneider with a rebound.
9:18 of 2nd period - Slapshot by Ben Lovejoy.
9:18 of 2nd period - Shot Misses the Net.
9:20 of 2nd period - Slapshot by Nikita Kucherov.
9:20 of 2nd period - Stopped by Cory Schneider without a rebound.
9:21 of 2nd period - Jonathan Toews wins face-off versus Jeff Carter in Flyers zone.
9:44 of 2nd period - Minor Penalty to Oliver Ekman-Larsson for Hooking.
9:45 of 2nd period - Matt Duchene wins face-off versus Jeff Carter in Flyers zone.
10:12 of 2nd period - Jeff Carter is hit by Dmitry Kulikov and loses puck.
10:19 of 2nd period - Slapshot by Jonathan Toews.
10:19 of 2nd period - Shot Misses the Net.
10:21 of 2nd period - Snap shot by Travis Hamonic.
10:21 of 2nd period - Deflect By Jeff Carter.
10:21 of 2nd period - Stopped by Cory Schneider with a rebound.
10:37 of 2nd period - Wrist shot by Taylor Hall.
10:37 of 2nd period - Stopped by Cory Schneider without a rebound.
10:38 of 2nd period - Matt Duchene wins face-off versus Marcus Kruger in Flyers zone.
10:49 of 2nd period - Snap shot by Taylor Hall.
10:49 of 2nd period - Stopped by Cory Schneider with a rebound.
10:51 of 2nd period - Wrist shot by Matt Duchene.
10:51 of 2nd period - Shot Misses the Net.
11:02 of 2nd period - Penalty to Jaromir Jagr is over, Jaromir Jagr is back on ice.
11:09 of 2nd period - Jeff Carter is hit by Patrick Kane and loses puck.
11:44 of 2nd period - Penalty to Oliver Ekman-Larsson is over, Oliver Ekman-Larsson is back on ice.
11:56 of 2nd period - Slapshot by Matt Smaby.
11:56 of 2nd period - Shot Blocked by Dmitry Kulikov.
12:17 of 2nd period - Icing by Dmitry Kulikov.
12:18 of 2nd period - Tyler Bozak wins face-off versus Marcus Kruger in Devils zone.
12:45 of 2nd period - Snap shot by Dany Heatley.
12:45 of 2nd period - Stopped by Keith Kinkaid with a rebound.
13:13 of 2nd period - Slapshot by Matt Duchene.
13:13 of 2nd period - Stopped by Cory Schneider with a rebound.
13:25 of 2nd period - Ben Lovejoy is hit by Jeff Carter and loses puck.
14:04 of 2nd period - Ryan O'Byrne is hit by Oliver Ekman-Larsson and loses puck.
14:13 of 2nd period - Kyle Wellwood is hit by Taylor Hall and loses puck.
14:32 of 2nd period - Slapshot by Drew Miller.
14:32 of 2nd period - Goal by Drew Miller - Flyers : 3 - Devils : 2.
14:33 of 2nd period - Drew Miller wins face-off versus Patrick Kane in neutral zone.
14:41 of 2nd period - Off-side.
14:42 of 2nd period - Jeff Carter wins face-off versus Jonathan Toews in neutral zone.
14:55 of 2nd period - Taylor Hall is hit by Drew Miller and loses puck.
15:00 of 2nd period - Slapshot by Jeff Carter.
15:00 of 2nd period - Stopped by Keith Kinkaid with a rebound.
15:02 of 2nd period - Slapshot by Jeff Woywitka.
15:02 of 2nd period - Stopped by Keith Kinkaid with a rebound.
15:04 of 2nd period - Wrist shot by Drew Miller.
15:04 of 2nd period - Stopped by Keith Kinkaid with a rebound.
15:06 of 2nd period - Snap shot by Oliver Ekman-Larsson.
15:06 of 2nd period - Deflect By Jeff Carter.
15:06 of 2nd period - Shot Misses the Net.
15:06 of 2nd period - Puck is out of play.
15:07 of 2nd period - Matt Duchene wins face-off versus Kyle Wellwood in Devils zone.
15:09 of 2nd period - Minor Penalty to Ryan O'Byrne for Interference.
15:10 of 2nd period - Scott Gomez wins face-off versus Jeff Carter in Devils zone.
15:36 of 2nd period - Tyler Cuma is hit by Kyle Wellwood and loses puck.
15:47 of 2nd period - Slapshot by Kyle Wellwood.
15:47 of 2nd period - Shot Blocked by Steve Downie.
15:55 of 2nd period - Double Minor Penalty to Scott Gomez for Slashing.
15:56 of 2nd period - Jeff Carter wins face-off versus Anthony Stewart in Devils zone.
15:59 of 2nd period - Wrist shot by Jakub Voracek.
15:59 of 2nd period - Goal by Jakub Voracek - Flyers : 4 - Devils : 2.
15:59 of 2nd period - Ryan Miller enters game.
16:00 of 2nd period - Anthony Stewart wins face-off versus Jeff Carter in neutral zone.
16:21 of 2nd period - Jeff Woywitka is hit by Ryan O'Byrne and loses puck.
16:38 of 2nd period - Wrist shot by Kyle Wellwood.
16:38 of 2nd period - Stopped by Ryan Miller with a rebound.
16:42 of 2nd period - Snap shot by Brian McGrattan.
16:42 of 2nd period - Shot Misses the Net.
18:11 of 2nd period - Travis Hamonic is hit by Chris Mcallister.
19:55 of 2nd period - Penalty to Scott Gomez is over, Scott Gomez is back on ice.
Goals for this period are 3 for Flyers vs 1 for Devils.
Shots for this period are 14 for Flyers vs 12 for Devils.
3rd period
0:01 of 3rd period - Jonathan Toews wins face-off versus Jeff Carter in neutral zone.
0:06 of 3rd period - Slapshot by Tyler Cuma.
0:06 of 3rd period - Stopped by Cory Schneider with a rebound.
2:23 of 3rd period - J.T. Miller is hit by Scott Gomez and loses puck.
2:40 of 3rd period - Slapshot by Steve Downie.
2:40 of 3rd period - Shot Misses the Net.
2:46 of 3rd period - Wrist shot by Steve Downie.
2:46 of 3rd period - Stopped by Cory Schneider without a rebound.
2:47 of 3rd period - Jonathan Toews wins face-off versus Kyle Wellwood in Flyers zone.
3:12 of 3rd period - Jeff Woywitka is hit by Travis Hamonic and loses puck.
3:21 of 3rd period - Slapshot by Chris Mcallister.
3:21 of 3rd period - Goal by Chris Mcallister - Flyers : 5 - Devils : 2.
3:22 of 3rd period - Kyle Wellwood wins face-off versus Jonathan Toews in neutral zone.
3:25 of 3rd period - Colton Parayko is hit by Kyle Wellwood and loses puck.
3:35 of 3rd period - Off-side.
3:36 of 3rd period - Kyle Wellwood wins face-off versus Patrick Kane in neutral zone.
3:40 of 3rd period - Minor Penalty to Jonathan Toews for Interference.
3:41 of 3rd period - Anthony Stewart wins face-off versus Jeff Carter in Devils zone.
3:41 of 3rd period - Anthony Stewart is hit by Jeff Woywitka.
5:40 of 3rd period - Penalty to Jonathan Toews is over, Jonathan Toews is back on ice.
5:51 of 3rd period - Icing by Brian Lashoff.
5:52 of 3rd period - Kyle Wellwood wins face-off versus Tyler Bozak in Flyers zone.
5:52 of 3rd period - Kyle Wellwood is hit by Tyler Bozak.
6:04 of 3rd period - Victor Bartley is hit by Matt Duchene and loses puck.
6:13 of 3rd period - Snap shot by Chris Mcallister.
6:13 of 3rd period - Stopped by Ryan Miller without a rebound.
6:14 of 3rd period - Jeff Carter wins face-off versus Jonathan Toews in Devils zone.
6:20 of 3rd period - Minor Penalty to Ben Lovejoy for Interference.
6:21 of 3rd period - Jeff Carter wins face-off versus Scott Gomez in Devils zone.
8:20 of 3rd period - Penalty to Ben Lovejoy is over, Ben Lovejoy is back on ice.
8:46 of 3rd period - Jaden Schwartz is hit by J.T. Miller and loses puck.
9:14 of 3rd period - Minor Penalty to Matt Smaby for Interference.
9:15 of 3rd period - Matt Duchene wins face-off versus Jeff Carter in Flyers zone.
10:27 of 3rd period - Dmitry Kulikov is hit by Jakub Voracek and loses puck.
11:08 of 3rd period - Matt Duchene is hit by Jeff Woywitka and loses puck.
11:14 of 3rd period - Penalty to Matt Smaby is over, Matt Smaby is back on ice.
11:27 of 3rd period - Tyler Cuma is hit by Matt Smaby and loses puck.
11:35 of 3rd period - Off-side.
11:36 of 3rd period - Kyle Wellwood wins face-off versus Tyler Bozak in neutral zone.
11:40 of 3rd period - Off-side.
11:41 of 3rd period - Tyler Bozak wins face-off versus Kyle Wellwood in neutral zone.
11:49 of 3rd period - Wrist shot by Dany Heatley.
11:49 of 3rd period - Stopped by Ryan Miller without a rebound.
11:50 of 3rd period - Jonathan Toews wins face-off versus Jeff Carter in Devils zone.
11:50 of 3rd period - Jonathan Toews is hit by Jeff Carter.
11:56 of 3rd period - Snap shot by Patrick Kane.
11:56 of 3rd period - Stopped by Cory Schneider without a rebound.
11:57 of 3rd period - Jonathan Toews wins face-off versus Jeff Carter in Flyers zone.
12:03 of 3rd period - Off-side.
12:04 of 3rd period - Jonathan Toews wins face-off versus Jeff Carter in neutral zone.
12:31 of 3rd period - Oliver Ekman-Larsson is hit by Steve Downie.
12:34 of 3rd period - Off-side.
12:35 of 3rd period - Scott Gomez wins face-off versus Kyle Wellwood in neutral zone.
12:49 of 3rd period - Ryan O'Byrne is hit by Brian McGrattan and loses puck.
13:02 of 3rd period - Wrist shot by Scott Gomez.
13:02 of 3rd period - Stopped by Cory Schneider with a rebound.
13:10 of 3rd period - Wrist shot by Marcus Kruger.
13:10 of 3rd period - Shot Blocked by Colton Parayko.
13:49 of 3rd period - Snap shot by Dany Heatley.
13:49 of 3rd period - Stopped by Ryan Miller without a rebound.
13:50 of 3rd period - Matt Duchene wins face-off versus Kyle Wellwood in Devils zone.
14:15 of 3rd period - Ben Lovejoy is hit by Victor Bartley and loses puck.
14:24 of 3rd period - Snap shot by Chris Mcallister.
14:24 of 3rd period - Stopped by Ryan Miller without a rebound.
14:25 of 3rd period - Drew Miller wins face-off versus Taylor Hall in Devils zone.
14:36 of 3rd period - Wrist shot by Patrick Kane.
14:36 of 3rd period - Shot Blocked by Jonathan Ericsson.
14:38 of 3rd period - Slapshot by Jonathan Toews.
14:38 of 3rd period - Shot Misses the Net.
14:52 of 3rd period - Jakub Voracek is hit by Tyler Cuma and loses puck.
14:57 of 3rd period - Wrist shot by Ondrej Palat.
14:57 of 3rd period - Goal by Ondrej Palat - Flyers : 5 - Devils : 3.
14:58 of 3rd period - Jeff Carter wins face-off versus Taylor Hall in neutral zone.
15:23 of 3rd period - Oliver Ekman-Larsson is hit by Scott Gomez.
15:48 of 3rd period - Tyler Bozak is hit by Dany Heatley and loses puck.
18:37 of 3rd period - Oliver Ekman-Larsson is hit by Steve Downie and loses puck.
18:50 of 3rd period - Wrist shot by Ondrej Palat.
18:50 of 3rd period - Stopped by Cory Schneider without a rebound.
18:51 of 3rd period - Marcus Kruger wins face-off versus Jonathan Toews in Flyers zone.
19:02 of 3rd period - Wrist shot by Marcus Kruger.
19:02 of 3rd period - Stopped by Ryan Miller without a rebound.
19:03 of 3rd period - Scott Gomez wins face-off versus Marcus Kruger in Devils zone.
19:14 of 3rd period - Slapshot by Scott Gomez.
19:14 of 3rd period - Shot Blocked by Jaromir Jagr.
19:16 of 3rd period - Wrist shot by Scott Gomez.
19:16 of 3rd period - Stopped by Cory Schneider with a rebound.
19:51 of 3rd period - Anthony Stewart is hit by Drew Miller and loses puck.
Goals for this period are 1 for Flyers vs 1 for Devils.
Shots for this period are 6 for Flyers vs 7 for Devils.
Back to the Top